Description

The purpose of this build is to force the Terran to all in by destroying his economy when he leaves his base, or take a strong advantage before going to expand B3

14 - Pylon

16/23 (40 secondes) : Gate

16/23 (45 secondes) : Gaz

@100% Gaz : 1 Probe mining gaz

19/23 (1min20) : Nexus - Then scoot

20/23 (1min35) : Cybercore

20/23 (1min35) - Add 2 more probes at gaz (3 in total)

21/23 (1min45) : 2nd Gaz

22/23 (2 minutes) : Pylon

@100% Gaz : 3 probes mining gaz

23/31 (2min15) : Adept

25/31 (2min15) : Mothership

26/46 (2min30) : Robo

30/46 (2min45) : 2nd Adept - Then scoot with the 2 adepts

32/46 (2min50 : warpgate research

38/46 (3min10) : 3rd Adept

39/46 (3min20) : Warp prism - (@100% Robo)

41/46 (3min25) : Pylon

43/46 (3min30) : Pylon

44/46 (3min35) : 4th Adept

The warp prism should go out at the same time as the 4th adept. Pick adept 3&4 then go and take adepts 1&2 and harass the terran economy

50/62 (4min05) : Observer

52/62 (4min15) : Twilight council

52/62 (4min15) : Forge

52/62 (4min15) : Gaz x2

58/62 (4min30) : Gate x3

VOD

https://www.youtube.com/watch?v=R4zuOtN4ybY

Replay - 15-11-25 State vs llllllllllll [PvT] Ruins of Seras (2)

Build Order

Get SALT Encoding   

  14  0:20  Pylon  
  16  0:40  Gateway  1 probe at begining, then when the nexus is saturated in mineral (16/16) progressively add 2 more
  16  0:45  Assimilator  
  19  1:20  Nexus  Then scoot
  20  1:35  Cybernetics Core  
  21  1:45  Assimilator  
  22  2:00  Pylon  
  23  2:15  Adept  
  25  2:16  Mothership Core  
  26  2:30  Robotics Facility  
  30  2:45  Adept  Then scoot the terran base with shadoiws
  32  2:50  Warp Gate  
  38  3:10  Adept  
  39  3:20  Warp Prism  
  41  3:25  Pylon  
  43  3:30  Pylon  
  44  3:35  Adept  When the 4th adept & the warp prism are finished (at the same time), pick the all four adepts and then go harass
  50  4:05  Observer  
  52  4:15  Twilight Council  
  52  4:16  Forge  
  52  4:17  Assimilator x2  
  58  4:30  Gateway x3  
Spawning Tool Build Advisor. Get it on Overwolf

Analysis

While you harass, launch the +1 defense & adepts attack speed. Thanks to your obs, watch out if the terran is going to rush you and warp mass adepts in his main. If he keeps on rushing, you may be able to defend with adepts, sentry and overcharge. If he goes back and defends his base, just keep on harassing with the warp prism and go for 3rd base

ENJOY !

Go to:

Details

  • Created by: Ownards 
  • Published on: Dec 03, 2015
  • Modified on: Dec 05, 2015
  • Patch: Pre-3.8.0
Show
View Real Time Build Order
Export as new Build Order

Comments (11)

On Dec. 16, 2015, 11:41 a.m., Ownards  said:

Another VOD (in French) of the same build, against iNnoVation, and with an interesting Dark Templar transition and a different configuration:
-> https://www.youtube.com/watch?v=bqIREuYCR_w

On Dec. 5, 2015, 5:38 p.m., Drekkonis  said:

Works, Thanks!

On Dec. 5, 2015, 9:35 a.m., Ownards  said:

Okay it must be good now :)

On Dec. 5, 2015, 9:14 a.m., Ownards  said:

Oh fuck, i try to fix it !

On Dec. 5, 2015, 9:14 a.m., Drekkonis  said:

It says : Error. Not all supply counts and times provided

On Dec. 5, 2015, 9:01 a.m., Ownards  said:

Oh i dont get why, i just translated it yesturday, do you have any idea ? what isnt working ?

On Dec. 5, 2015, 8:59 a.m., Drekkonis  said:

The SALT encoding isn't working :(

On Dec. 4, 2015, 4:32 p.m., Ownards  said:

No problem, i'll do it tonight if finish my work on time :D

On Dec. 4, 2015, 1:52 a.m., StoicLoofah  said:

Thanks for sharing the build! Would you be able to convert the actual steps out of the description and into the build order section? I find it easier to read with that layout. Happy to help with theinput for that if that seems like a lot of work.

On Dec. 3, 2015, 1:53 p.m., Ownards  said:

Oh yeah thanks for that ! i just added it ;)

On Dec. 3, 2015, 1:49 p.m., wren42  said:

missing cyber timing.

Create an account to comment!